 Dungeon Crawl Stone Soup version 0.29-a0-775-g4d7333d4e2 (webtiles) character file.

Game seed: 18040361556882591183

95 avis the Chiller (level 4, -1/38 HPs)
             Began as a Demigod Ice Elementalist on July 1, 2022.
             Slain by an orc
             ... wielding a +0 hand axe
              (5 damage)
             ... on level 3 of the Dungeon.
             The game lasted 00:10:54 (2055 turns).

avis the Chiller (Demigod Ice Elementalist)         Turns: 2055, Time: 00:10:56

Health: -1/38      AC:  3    Str:  9    XL:     4   Next: 17%
Magic:  5/9        EV: 12    Int: 17    God:
Gold:   203        SH:  5    Dex: 18    Spells: 6/7 levels left

rFire   . . .      SeeInvis .   a - +2 whip (drain)
rCold   . . .      Faith    .   (no shield)
rNeg    . . .      Spirit   .   j - +0 robe
rPois   .          Reflect  +   (no helmet)
rElec   .          Harm     .   c - +0 cloak
rCorr   .          Rampage  .   (no gloves)
Will    .....                   (no boots)
Stlth   ++........              m - amulet of reflection
HPRegen 0.12/turn               g - +4 ring of slaying
MPRegen 0.11/turn               (no ring)

@: no status effects
A: high MP 1, forlorn, divine attributes
a: no special abilities


You were on level 3 of the Dungeon.
You visited 1 branch of the dungeon, and saw 3 of its levels.

You collected 203 gold pieces.

Inventory:

Hand Weapons
 a - a +2 whip of draining (weapon)
 i - a +0 dagger
Missiles
 r - 6 poisoned darts
 v - 6 javelins
Armour
 c - a +0 cloak (worn)
 j - a +0 robe (worn)
Jewellery
 g - a +4 ring of slaying (left hand)
 m - an amulet of reflection (around neck)
Scrolls
 d - 4 scrolls of identify {unknown}
 k - 2 scrolls of vulnerability {unknown}
 o - a scroll of noise {unknown}
 p - 2 scrolls of teleportation {unknown}
 q - a scroll of amnesia {unknown}
 s - 2 scrolls of enchant armour {unknown}
 u - a scroll of fog {unknown}
Potions
 b - 3 potions of magic
 e - 2 potions of haste {unknown}
 f - a potion of mutation {unknown}
 h - a potion of flight {unknown}
 l - 3 potions of curing {unknown}
 n - a potion of heal wounds {unknown}
 t - a potion of might {unknown}


   Skills:
 * Level 3.2 Fighting
 - Level 1.7 Dodging
 - Level 1.7 Stealth
 - Level 2.0 Spellcasting
 - Level 4.0 Ice Magic


You had 6 spell levels left.
You knew the following spells:

 Your Spells              Type           Power      Damage    Failure   Level
a - Freeze                Ice            60%        1d8       3%          1

Your spell library contained the following spells:

 Spells                   Type           Power      Damage    Failure   Level
 Frozen Ramparts          Ice            30%        1d5       11%         3
 Ozocubu's Armour         Ice            15%        N/A       11%         3
 Hailstorm                Conj/Ice       8%         3d4       63%         4


Dungeon Overview and Level Annotations

Branches:
Dungeon (3/15)


Innate Abilities, Weirdness & Mutations

You have an increased reservoir of magic. (+10% MP)
You shall have no god before yourself.
Your divine heritage dramatically boosts your attributes as you level up.


Message History

You hit the orc.
You kill the orc!
You barely miss the orc priest. The orc priest hits you with a +0 club.
You hit the orc priest.
The orc priest is moderately wounded.
The orc priest hits you with a +0 club.
You closely miss the orc priest.
The orc priest is moderately wounded.
The orc priest mumbles some strange prayers to Beogh against you.
Beogh smites you!
* * * LOW HITPOINT WARNING * * *
Casting: Freeze (safe; 3% risk of failure)
Confirm with . or Enter, or press ? or * to list all spells.
Aiming: Freeze (safe; 3% risk of failure)
Press: ? - help, Shift-Dir - straight line, f - orc priest
Aim: an orc priest, wielding a +0 club and wearing a +0 chain mail (moderately wounded)
You freeze the orc priest.
The orc priest is severely wounded.
The orc priest hits you with a +0 club.
* * * LOW HITPOINT WARNING * * *
Casting: Freeze (safe; 3% risk of failure)
Confirm with . or Enter, or press ? or * to list all spells.
Aiming: Freeze (safe; 3% risk of failure)
Press: ? - help, Shift-Dir - straight line, f/p - orc priest
Aim: an orc priest, wielding a +0 club and wearing a +0 chain mail (severely wounded)
You freeze the orc priest!
You kill the orc priest!
Training target 3.0 for Fighting reached!
Your Fighting skill increases to level 3!
You need to enable at least one skill for training.
You have reached level 4!
Casting: Freeze (safe; 3% risk of failure)
Confirm with . or Enter, or press ? or * to list all spells.
Aiming: Freeze (safe; 3% risk of failure)
Press: ? - help, Shift-Dir - straight line, f - orc
Aim: an orc, wielding a +0 hand axe and wearing a +0 ring mail You freeze the orc.
The orc is moderately wounded.
The orc hits you with a +0 hand axe.
You die...

.# .########## o.
..........# #.#
#########.#######
..###
.................
.:>? .
...######..######
..###.# ...#
#..##...# ##....?..
####
#..##...#####........
###
#.......@oo.o........
...
##.##...####.##......
### #.##..[# #...
..... #.##...#
####...... #.##...#
..... ...##### ....
... . . ..


You could see 3 orcs.

Vanquished Creatures
  An orc priest (D:3)
  An adder (D:2)
  3 dart slugs
  An orc (D:3)
  9 bats
  3 endoplasms
  2 giant cockroaches
  3 goblins (D:1)
  2 hobgoblins
  2 quokkas
  7 ball pythons
  5 frilled lizards
  8 kobolds
  3 rats
50 creatures vanquished.

Notes
Turn   | Place    | Note
-------+----------+-------------------------------------------
     0 | D:1      | avis the Demigod Ice Elementalist began the quest for the
                  | Orb.
     0 | D:1      | Reached XP level 1. HP: 14/14 MP: 5/5
   173 | D:1      | Reached skill level 1 in Fighting
   431 | D:1      | Reached XP level 2. HP: 17/23 MP: 0/7
  1208 | D:2      | Reached XP level 3. HP: 25/29 MP: 4/8
  1336 | D:2      | Reached skill level 4 in Ice Magic
  2055 | D:3      | Reached XP level 4. HP: 4/38 MP: 6/9
  2055 | D:3      | Slain by an orc

Illustrated notes

Levels and vault maps discovered:
D:1:      amcnicky_arrival_abandoned_market, layout_basic,
          basic_ecumenical_altar, kennysheep_small_spiral,
          minmay_misc_feat_roman
D:2:      layout_rooms, grunt_decor_arrowhead
D:3:      layout_basic, lemuel_crystal_altar, nicolae_ru_the_path_less_chosen

Skill      XL: |  1  2  3 |
---------------+----------+-----
Fighting       | 1 2 3 |  3.2
Spellcasting   | 2 |  2.0
Ice Magic      | 4 |  4.0
Dodging        | |  1.7
Stealth        | |  1.7

Action                   |  1- 3 |  4- 6 || total
-------------------------+-------+-------++-------
Melee: Unarmed           |     9 |       ||     9
       Whip              |    37 |       ||    37
 Cast: Freeze            |    42 |     1 ||    43
 Stab: Sleeping          |     7 |       ||     7
Armor: Robe              |    14 |       ||    14
Dodge: Dodged            |    31 |       ||    31
Block: Other             |    17 |       ||    17
       Reflection        |     2 |       ||     2

Table legend: (Time is in decaauts)
 A = Elapsed time spent in this place.
 B = Non-inter-level travel time spent in this place.
 C = Inter-level travel time spent in this place.
 D = Time resting spent in this place.
 E = Time spent auto-exploring this place.
 F = Levels seen in this place.
 G = Mean time per level.
                   A        B        C        D        E       F      G
               +--------+--------+--------+--------+--------+-----+--------+
         Total |   2058 |   1866 |    192 |    489 |    807 |   3 |  686.0 |
       Dungeon |   2058 |   1866 |    192 |    489 |    807 |   3 |  686.0 |
               +--------+--------+--------+--------+--------+-----+--------+

Top non-repeatable levels by time:
     D:1: 1257 daAuts
     D:2: 574 daAuts
     D:3: 226 daAuts
